 Dungeon Crawl Stone Soup version 0.24-a0-762-gca426f56c8 (webtiles) character file.

Game seed: 2602004743172408233, levelgen mode: deterministic

14631 MalarOregon the Fighter (level 11, -1/104 HPs)
             Began as a Pale Draconian Enchanter on Oct 3, 2019.
             Was a High Priest of Okawaru.
             Slain by a yak (9 damage)
             ... on level 1 of the Lair of Beasts.
             The game lasted 00:40:21 (18637 turns).

MalarOregon the Fighter (Pale Draconian Enchanter) Turns: 18637, Time: 00:40:22

Health: -1/104     AC: 12    Str:  8    XL:     11   Next: 91%
Magic:  8/18       EV: 11    Int: 21    God:    Okawaru [*****.]
Gold:   556        SH:  7    Dex: 11    Spells: 9/20 levels left

rFire    . . .     SeeInvis .   M - +3 scimitar (freeze)
rCold    . . .     Gourm    .   v - +0 shield
rNeg     + . .     Faith    .   (armour unavailable)
rPois    +         Spirit   .   (helmet restricted)
rElec    .         Reflect  .   J - +0 cloak
rCorr    .         Harm     .   E - +0 pair of gloves
MR       .....                  q - +2 pair of boots
Stlth    ++++......             (no amulet)
HPRegen  0.27/turn              I - ring of Xom's Ringing Laughter {rN+ Str-4 Int+3 Slay+3 Stlth+}
MPRegen  0.16/turn              C - ring of poison resistance

@: very slightly contaminated
A: breathe steam, unfitting armour, cold-blooded, AC +7
a: Breathe Steam, Heroism, Finesse, Renounce Religion


You were on level 1 of the Lair of Beasts.
You worshipped Okawaru.
Okawaru was extremely pleased with you.
You were hungry.

You visited 3 branches of the dungeon, and saw 14 of its levels.
You also visited: Sewer.

You collected 556 gold pieces.

Inventory:

Hand Weapons
 a - a +3 short sword
   (You took it off a kobold on level 2 of the Dungeon)
 m - a +1 dagger of protection
 B - a +1 scimitar of holy wrath
   (You found it on level 8 of the Dungeon)
 M - a +3 scimitar of freezing (weapon)
   (You found it on level 11 of the Dungeon)
Missiles
 i - 52 poisoned darts (quivered)
 D - 6 throwing nets {!f}
 G - 5 atropa-tipped darts
Armour
 q - a +2 pair of boots (worn)
   (You found it on level 5 of the Dungeon)
 v - a +0 shield (worn)
   (You found it on level 1 of the Lair of Beasts)
 E - a +0 pair of gloves (worn)
   (You found it on level 8 of the Dungeon)
 J - a +0 cloak (worn)
   (You took it off Maurice on level 9 of the Dungeon)
Jewellery
 o - an uncursed ring of protection from cold
   (You found it on level 11 of the Dungeon)
 C - a ring of poison resistance (right hand)
   (You found it on level 8 of the Dungeon)
 I - the ring of Xom's Ringing Laughter (left hand) {rN+ Str-4 Int+3 Slay+3 Stlth+}
   (You found it on level 9 of the Dungeon)

   [ring of intelligence]

   It affects your strength (-4).
   It affects your intelligence (+3).
   It affects your accuracy and damage with ranged weapons and melee attacks
   (+3).
   It protects you from negative energy.
   It makes you more stealthy.
Wands
 d - a wand of iceblast (20)
   (You found it on level 2 of the Dungeon)
 u - a wand of paralysis (5)
   (You found it on level 4 of the Dungeon)
 y - a wand of enslavement (12)
   (You found it on level 10 of the Dungeon)
 z - a wand of clouds (6)
   (You found it on level 2 of the Lair of Beasts)
Scrolls
 c - 2 scrolls of amnesia
 g - 2 scrolls of immolation {!r}
 l - 3 scrolls of blinking
 t - a scroll of enchant weapon {unknown}
 x - 2 scrolls of magic mapping
 F - 3 scrolls of fog
Potions
 b - a potion of cancellation
 f - 3 potions of might
 h - a potion of ambrosia
 j - a potion of heal wounds {@q2}
 k - 7 potions of curing {@q1}
 n - a potion of experience {unknown}
 p - 2 potions of mutation {!q}
 r - a potion of berserk rage
 s - 2 potions of brilliance {unknown}
 w - a potion of invisibility
 A - a potion of haste {unknown}
 K - 2 potions of flight
Comestibles
 e - 28 rations {!d}


   Skills:
 + Level 11.9 Fighting
 - Level 10.3 Short Blades
 - Level 5.0 Dodging
 - Level 5.0 Stealth
 + Level 1.8 Shields
 - Level 5.0 Spellcasting
 + Level 8.4 Hexes
 - Level 1.0 Evocations


You had 9 spell levels left.
You knew the following spells:

 Your Spells              Type           Power        Failure   Level  Hunger
c - Confuse               Hex            #####...     5%          3    ##.....
d - Tukima's Dance        Hex            #####...     5%          3    ##.....
s - Dazzling Spray        Conj/Hex       ###...       32%         3    ##.....
x - Ensorcelled Hibernat  Hex/Ice        ###...       16%         2    None

Your spell library contained the following spells:

 Spells                   Type           Power        Failure   Level  Hunger
 Corona                   Hex            #####..      1%          1    None
 Spectral Weapon          Hex/Chrm       ###.....     32%         3    ##.....
 Infusion                 Chrm           #...         52%         1    None
 Shroud of Golubria       Chrm/Tloc      #.....       65%         2    None
 Song of Slaying          Chrm           #.......     65%         2    None
 Regeneration             Chrm/Necr      #.........   87%         3    ##.....


Dungeon Overview and Level Annotations

Branches:
Dungeon (11/15)            Temple (1/1) D:6            Lair (2/6) D:11
    Orc (0/2) D:11          Sewer (visited)
  Swamp: Lair:2-4    Shoals: Lair:2-4     Snake: Lair:2-4    Spider: Lair:2-4

Altars:
Ashenzari
Cheibriados
Dithmenos
Elyvilon
Fedhas
Gozag
Hepliaklqana
Kikubaaqudgha
Makhleb
Nemelex Xobeh
Okawaru
Qazlal
Ru
Sif Muna
Trog
Uskayaw
Vehumet
Wu Jian
Xom
Yredelemnul
Zin
The Shining One

Annotations:
D:4 3 runed translucent doors, Kairok's ghost, amateur VSAs
D:9 2 transporters, Kohma's ghost, novice DrCj


Innate Abilities, Weirdness & Mutations

You can breathe blasts of scalding, opaque steam.
Your pale cyan-grey scales are hard. (AC +7)
You cannot fit into any form of body armour.
You are cold-blooded and may be slowed by cold attacks.


Message History

You hit the yak. You freeze the yak. You barely miss the yak.
The yak gores you. The yak gores you!
Aim: a yak (lightly wounded, chance to defeat MR: 51%)
You miscast Ensorcelled Hibernation.
You are very lightly contaminated with residual magic.
You feel a strange surge of energy! You block the yak's attack.
The yak gores you.
Aim: a yak (lightly wounded, chance to defeat MR: 51%)
The yak resists with some effort.
The yak closely misses you. The yak gores you.
Aim: a yak (lightly wounded, chance to defeat MR: 51%)
The yak resists with some effort.
The yak gores you. You block the yak's attack.
Aim: a yak (lightly wounded, chance to defeat MR: 51%)
The yak resists with some effort.
You block the yak's attack. The yak gores you but does no damage.
The yak gores you! The yak barely misses you. The yak gores you.
You block the yak's attack.
You climb upwards.
There is a stone staircase leading down here.
You hit the yak. You freeze the yak. The yak gores you!
* * * LOW HITPOINT WARNING * * *
The yak gores you!
* * * LOW HITPOINT WARNING * * *
The yak closely misses you.
You riposte.
You barely miss the yak. You tail-slap the yak. The yak gores you!
* * * LOW HITPOINT WARNING * * *
You slash the yak! You freeze the yak. You block the yak's attack.
The yak closely misses you.
You riposte.
You hit the yak. You freeze the yak.
You kill the yak!
Okawaru accepts your kill. You block the yak's attack.
Unknown command.
Aim: a yak (lightly wounded, chance to defeat MR: 51%)
You miscast Ensorcelled Hibernation.
You feel uncomfortably cold. The yak gores you but does no damage.
The yak gores you!
* * * LOW HITPOINT WARNING * * *
You slash the yak! You freeze the yak. The yak barely misses you. x2
You hit the yak. You freeze the yak. The yak gores you!
* * * LOW HITPOINT WARNING * * *
The yak barely misses you.
You slice the yak!! You freeze the yak.
You kill the yak!
Okawaru accepts your kill. The yak gores you.
* * * LOW HITPOINT WARNING * * *
The yak barely misses you.
Unknown command.
Aim: a yak (chance to defeat MR: 51%)
The yak resists with some effort.
The yak gores you!
You die...

#...........................
#...........................
##P####..##..####..#######P#
### #####.)# ##..# ###
#..###...# #. #...###..# ##
#..## #..# # #Y.# #..# #
##@.## #..# # #....# #..# #
#P#### ##.# # ### ###


You could see a yak.

Vanquished Creatures
  Erolcha (D:9)
  Harold (D:9)
  2 cyclopes (D:11)
  An ugly thing (D:9)
  Maurice (D:9)
  A black mamba (Lair:1)
  A gargoyle (D:10)
  3 spiny frogs
  A kobold demonologist (D:9)
  Prince Ribbit (D:5)
  A hippogriff (D:8)
  A spriggan (D:10)
  11 yaks (Lair:1)
  2 hungry ghosts
  A basilisk (Lair:1)
  A soldier ant (D:11)
  4 porcupines
  3 water moccasins
  2 sky beasts
  4 orc warriors
  2 ice beasts
  2 black bears
  8 ogres
  A phantom (D:5)
  10 centaurs
  A necrophage (D:8)
  2 crocodiles (Lair:2)
  3 big kobolds (Sewer)
  9 bullfrogs
  A water moccasin zombie (D:7)
  A scorpion (D:4)
  A water moccasin skeleton (D:6)
  9 killer bees
  5 wights
  10 howler monkeys
  6 crimson imps
  A quasit (D:6)
  A centaur zombie (D:7)
  A gnoll shaman (D:3)
  6 hounds
  9 orc wizards
  8 orc priests
  4 jellies
  A bullfrog skeleton (D:8)
  A centaur skeleton (D:4)
  5 iguanas
  12 worker ants
  A hound zombie (D:6)
  12 adders
  10 gnolls
  4 river rats (Sewer)
  3 shadow imps
  An ooze (Sewer)
  An adder zombie (D:6)
  9 worms
  A dart slug (D:1)
  5 leopard geckos
  40 orcs
  5 giant cockroaches
  5 goblins
  4 hobgoblins
  9 jackals
  6 quokkas
  5 ball pythons
  5 bats
  3 frilled lizards
  A jackal skeleton (D:4)
  14 kobolds
  A quokka skeleton (D:5)
  11 rats
319 creatures vanquished.

Vanquished Creatures (collateral kills)
  A necrophage (D:11)
  An ogre (D:7)
  4 wights
6 creatures vanquished.

Vanquished Creatures (others)
  4 dancing weapons
  2 plants
6 creatures vanquished.

Grand Total: 331 creatures vanquished

Notes
Turn   | Place    | Note
-------+----------+-------------------------------------------
     0 | D:1      | MalarOregon the Draconian Enchanter began the quest for the
                  | Orb.
     0 | D:1      | Reached XP level 1. HP: 14/14 MP: 3/3
   435 | D:1      | Reached skill level 1 in Fighting
   474 | D:1      | Reached XP level 2. HP: 15/23 MP: 5/5
   890 | D:1      | Learned a level 2 spell: Ensorcelled Hibernation
  1670 | D:2      | Reached skill level 2 in Fighting
  1676 | D:2      | Reached XP level 3. HP: 29/29 MP: 3/6
  2579 | D:1      | Reached XP level 4. HP: 18/37 MP: 3/7
  2789 | D:3      | Found a faded altar of an unknown god.
  2908 | D:3      | Learned a level 3 spell: Confuse
  2952 | D:3      | Reached skill level 3 in Fighting
  3652 | D:3      | Reached XP level 5. HP: 45/45 MP: 3/8
  3975 | D:4      | Reached skill level 4 in Fighting
  4307 | D:3      | Reached XP level 6. HP: 19/53 MP: 2/9
  4556 | D:3      | HP: 2/53 [gnoll/+0 halberd (8)]
  4964 | D:4      | Found an iron altar of Okawaru.
  4989 | D:4      | Found a blossoming altar of Fedhas.
  5050 | D:4      | Found a runed translucent gate.
  5050 | D:4      | Found a runed translucent gate.
  5050 | D:4      | Found a runed translucent gate.
  5050 | D:4      | Noticed Kairok's ghost (amateur VSAs)
  5070 | D:4      | Reached skill level 5 in Fighting
  5279 | D:4      | Reached skill level 5 in Short Blades
  5684 | D:5      | Entered Level 5 of the Dungeon
  5711 | D:5      | Your scales start taking on a pale cyan-grey colour.
  5711 | D:5      | Reached XP level 7. HP: 56/61 MP: 1/10
  5749 | D:5      | Found a glowing drain.
  5845 | Sewer    | Entered a sewer
  5888 | Sewer    | Reached skill level 1 in Evocations
  7064 | D:5      | Noticed Prince Ribbit
  7067 | D:5      | Reached XP level 8. HP: 70/70 MP: 8/12
  7311 | D:5      | Killed Prince Ribbit
  7311 | D:5      | Reached skill level 6 in Fighting
  7498 | D:5      | Found a snail-covered altar of Cheibriados.
  7560 | D:5      | Learned a level 3 spell: Tukima's Dance
  7564 | D:5      | Learned a level 3 spell: Dazzling Spray
  8711 | D:6      | Found a staircase to the Ecumenical Temple.
  8746 | Temple   | Entered the Ecumenical Temple
  9075 | D:4      | Became a worshipper of Warmaster Okawaru
  9712 | D:7      | Reached skill level 7 in Fighting
  9720 | D:7      | Reached skill level 5 in Hexes
 10026 | D:7      | Reached XP level 9. HP: 74/79 MP: 15/15
 10351 | D:7      | Reached * piety under Okawaru
 10814 | D:7      | Got a slimy war axe
 10879 | D:7      | Identified the +8 war axe of Fortitude {speed, rF+} (You
                  | found it on level 7 of the Dungeon)
 10943 | D:8      | Found a bloodstained altar of Trog.
 10961 | D:8      | Reached skill level 8 in Fighting
 11342 | D:8      | Found a shimmering blue altar of Sif Muna.
 11577 | D:8      | Reached ** piety under Okawaru
 11649 | D:8      | Reached skill level 9 in Fighting
 11781 | D:8      | Found a glowing silver altar of Zin.
 11781 | D:8      | Found a white marble altar of Elyvilon.
 12222 | D:9      | Noticed Erolcha
 12237 | D:9      | Killed Erolcha
 12237 | D:9      | Reached XP level 10. HP: 75/93 MP: 5/16
 12239 | D:9      | Noticed Maurice
 12302 | D:9      | Killed Maurice
 12302 | D:9      | Reached *** piety under Okawaru
 12302 | D:9      | Reached skill level 10 in Fighting
 12323 | D:9      | Identified the +6 morningstar of Arevvoma {elec, *Noise
                  | rElec rPois SInv}
 12323 | D:9      | Noticed a tengu warrior
 12324 | D:9      | Noticed a moth of wrath
 12326 | D:9      | Found a transporter.
 12331 | D:9      | Found a bloodstained altar of Trog.
 12358 | D:9      | Got a vibrating lead ring
 12448 | D:9      | Noticed a two-headed ogre
 12449 | D:9      | Noticed a two-headed ogre
 12455 | D:9      | Found a shimmering altar of Xom.
 12463 | D:9      | Noticed a two-headed ogre
 12607 | D:9      | Noticed Kohma's ghost (novice DrCj)
 12637 | D:9      | Found a stormy altar of Qazlal.
 12665 | D:9      | Found a transporter.
 12697 | D:9      | Noticed a red ugly thing
 12723 | D:9      | Killed a red ugly thing
 12723 | D:9      | Reached skill level 10 in Short Blades
 13035 | D:9      | Noticed Harold
 13079 | D:9      | Killed Harold
 13079 | D:9      | Reached **** piety under Okawaru
 13471 | D:9      | Found a hazy altar of Hepliaklqana.
 13498 | D:9      | Found an ornate altar of the Wu Jian Council.
 13527 | D:10     | Entered Level 10 of the Dungeon
 13640 | D:10     | Noticed a gargoyle
 13658 | D:10     | Killed a gargoyle
 14203 | D:10     | Identified the ring of Xom's Ringing Laughter {rN+ Str-4
                  | Int+3 Slay+3 Stlth+} (You found it on level 9 of the
                  | Dungeon)
 14601 | D:10     | Reached XP level 11. HP: 101/101 MP: 18/18
 15147 | D:11     | Reached skill level 5 in Spellcasting
 15485 | D:11     | Found a staircase to the Lair.
 15862 | D:11     | Reached skill level 5 in Stealth
 16139 | D:11     | Found a staircase to the Orcish Mines.
 16266 | D:11     | Reached skill level 11 in Fighting
 16446 | D:11     | Found a sacrificial altar of Ru.
 16601 | D:11     | Found a blossoming altar of Fedhas.
 16803 | Lair:1   | Entered Level 1 of the Lair of Beasts
 17017 | Lair:1   | Reached ***** piety under Okawaru
 17100 | Lair:1   | Reached skill level 5 in Dodging
 17132 | Lair:1   | HP: 5/102 [poisoned by a spiny frog]
 17134 | Lair:1   | HP: 2/102 [poisoned by a spiny frog]
 18336 | Lair:2   | Reached skill level 1 in Shields
 18637 | Lair:1   | Slain by a yak

Levels and vault maps discovered:
D:1:      minmay_arrival_wavy_path, layout_basic
D:2:      layout_basic
D:3:      layout_rooms, chequers_ecumenical_altar_simple_redux
D:4:      layout_cave_pools, fedhas_ov_isle_minmay, lemuel_round_altar,
          first_ration, gammafunk_ghost_necromancy
D:5:      layout_layer_cave, cheibrodos_sewer_entry_bend, cheibriados_altar_1,
          uniq_prince_ribbit1
D:6:      layout_gridville, temple_statues, skrybe_limestone_x
D:7:      layout_gridville
D:8:      layout_loops_ring, marbit_many_paths, old_standard_altar,
          gammafunk_temple_overflow_wave, minivault_5
D:9:      layout_cave_pools, nicolae_overflow_quartered_altars,
          gammafunk_ghost_wrathful_warriors, uniq_harold, uniq_maurice,
          uniq_erolcha
D:10:     layout_stronghold, the_bakery
D:11:     layout_cave_pods, lair_entry_dummy, erik_orc_4, basic_altar,
          nicolae_ru_sacrificial_ziggurat
Temple:   minmay_temple_bridge_abc
Lair:1:   layout_small_grid, lemuel_fruit_tree
Lair:2:   layout_gridlike, roderic_carrion_pond, grunt_megastairs_4,
          infiniplex_staircase_pool

Skill      XL: |  1  2  3  4  5  6  7  8  9 10 11 |
---------------+----------------------------------+-----
Fighting       | 1 2 3 4 5 7 9 10 11 | 11.9
Short Blades   | 2 3 4 5 7 9 10 | 10.3
Dodging        | 2 3 5 |  5.0
Evocations     | 1 |  1.0
Stealth        | 3 4 5 |  5.0
Hexes          | 3 5 6 8 |  8.4
Spellcasting   | 3 4 5 |  5.0
Shields        | 1 |  1.8

Action                   |  1- 3 |  4- 6 |  7- 9 | 10-12 || total
-------------------------+-------+-------+-------+-------++-------
Melee: Dagger            |   108 |       |       |    12 ||   120
       Tailslap          |     7 |    16 |    45 |    52 ||   120
       Short sword       |    19 |   154 |   317 |       ||   490
       War axe           |       |       |   101 |    64 ||   165
       Scimitar          |       |       |       |   317 ||   317
       Punch             |       |       |       |     2 ||     2
Throw: Dart              |     1 |    19 |    31 |     7 ||    58
 Cast: Ensorcelled Hiber |    10 |    50 |    45 |    40 ||   145
       Corona            |     1 |       |       |       ||     1
       Confuse           |       |       |    13 |     7 ||    20
       Dazzling Spray    |       |       |    12 |     7 ||    19
       Tukima's Dance    |       |       |     6 |    21 ||    27
Invok: Heroism           |       |       |       |     3 ||     3
 Abil: Breathe Steam     |       |       |     8 |     6 ||    14
Evoke: Wand              |       |       |       |     1 ||     1
  Use: Scroll            |       |     5 |     4 |    16 ||    25
       Potion            |       |       |       |     5 ||     5
 Stab: Sleeping          |     7 |    20 |    14 |    20 ||    61
       Confused          |       |       |     1 |     3 ||     4
       Invisible         |       |       |     1 |     1 ||     2
       Distracted        |       |       |       |     1 ||     1
  Eat: Chunk             |     6 |    10 |    20 |    22 ||    58
       Ration            |       |     1 |     2 |     1 ||     4
Armor: Skin              |    29 |    37 |   131 |   185 ||   382
Dodge: Dodged            |    72 |   116 |   251 |   353 ||   792
Block: Shield            |       |       |       |    14 ||    14
       Rpst.: Scimitar   |       |       |       |   113 ||   113

Table legend:
 A = Non-vault XP
 B = Vault XP
 C = Vault XP percentage of total XP
 D = Non-vault monster count
 E = Vault monster count
 F = Vault count percentage of total count
                 A         B        C        D         E       F
            +---------+---------+-------+---------+---------+-------
      Total |   16929 |    3973 |  19.0 |     272 |      53 |  16.3
            +---------+---------+-------+---------+---------+-------
        D:1 |      48 |       0 |   0.0 |      23 |       0 |   0.0
        D:2 |      51 |       0 |   0.0 |      14 |       0 |   0.0
        D:3 |     194 |       0 |   0.0 |      26 |       0 |   0.0
        D:4 |     347 |       0 |   0.0 |      18 |       0 |   0.0
        D:5 |     615 |     291 |  32.1 |      15 |       2 |  11.8
        D:6 |     525 |       0 |   0.0 |      16 |       0 |   0.0
        D:7 |    1040 |       0 |   0.0 |      16 |       0 |   0.0
        D:8 |    1708 |      43 |   2.5 |      30 |       1 |   3.2
        D:9 |    1929 |    2446 |  55.9 |      28 |       3 |   9.7
       D:10 |    1973 |     211 |   9.7 |      30 |       1 |   3.2
       D:11 |    2990 |     491 |  14.1 |      29 |      17 |  37.0
     Lair:1 |    4340 |       0 |   0.0 |      20 |       0 |   0.0
     Lair:2 |    1169 |      88 |   7.0 |       7 |       1 |  12.5
      Sewer |       0 |     403 | 100.0 |       0 |      28 | 100.0
            +---------+---------+-------+---------+---------+-------
